 Dungeon Crawl Stone Soup version 0.18-a0-965-g9200175 (webtiles) character file.

1106 root the Shield-Bearer (level 8, -4/61 HPs)
             Began as a Formicid Fighter on Jan 1, 2016.
             Slain by an orc warrior
             ... wielding a +2 halberd of chopping
              (12 damage)
             ... on level 6 of the Dungeon.
             The game lasted 00:20:40 (5447 turns).

root the Shield-Bearer (Formicid Fighter)           Turns: 5447, Time: 00:20:41

Health: -4/61      AC:  7    Str: 25    XL:     8   Next: 58%
Magic:  8/8        EV:  9    Int:  9    God:
Gold:   450        SH: 11    Dex: 12    Spells: 0 memorised, 7 levels left

rFire  + . .     SeeInvis +     a - +0 long sword
rCold  . . .     Gourm    .     b - +0 scale mail
rNeg   . . .     Faith    .     c - +0 shield
rPois  .         Spirit   .     (helmet unavailable)
rElec  .         Dismiss  .     (no cloak)
rCorr  .         Reflect  .     (no gloves)
SustAt .         Harm     .     (no boots)
MR     .....                    (no amulet)
Stlth  ..........               (no ring)
                                K - ring of protection from fire

@: mighty, not resistant to hostile enchantments, extremely unstealthy
A: permanent stasis, dig shafts and tunnels, four strong arms, antennae 3
a: Dig, Shaft Self


You were on level 6 of the Dungeon.
You were not hungry.

You visited 1 branch of the dungeon, and saw 6 of its levels.

You collected 450 gold pieces.

Inventory:

Hand Weapons
 a - a +0 long sword (weapon)
Missiles
 e - 7 javelins
 x - 5 poisoned tomahawks (quivered)
 L - a throwing net
Armour
 b - a +0 scale mail (worn)
 c - a +0 shield (worn)
Jewellery
 K - a ring of protection from fire (left hand)
Wands
 p - a wand of draining (7/15)
 s - a wand of fireball (5/15)
 B - a wand of flame (18/48)
 J - a wand of digging (5/24)
Scrolls
 g - a scroll of blinking {unknown}
 h - a scroll of enchant weapon {unknown}
 i - 4 scrolls of teleportation {unknown}
 j - 2 scrolls of recharging {unknown}
 o - 5 scrolls of identify {unknown}
 u - 2 scrolls of magic mapping {unknown}
 v - a scroll of amnesia {unknown}
 y - 5 scrolls of remove curse {unknown}
 A - 2 scrolls of random uselessness {unknown}
 D - 2 scrolls of noise {unknown}
Potions
 d - a potion of might
 l - 2 potions of curing
 n - a potion of degeneration {unknown}
 q - 2 potions of cure mutation {unknown}
 r - a potion of invisibility {unknown}
 t - 2 potions of magic {unknown}
 w - 3 potions of poison {unknown}
 C - a potion of mutation {unknown}
 E - a potion of flight {unknown}
 F - 2 potions of haste {unknown}
 G - 2 potions of heal wounds {unknown}
 H - a potion of brilliance {unknown}
Comestibles
 f - 2 bread rations
 k - 10 fruits
 m - a meat ration
 z - a slice of pizza
 I - 3 chunks of flesh
 M - a beef jerky


   Skills:
 + Level 4.9 Fighting
 * Level 6.5 Long Blades
 + Level 1.0 Throwing
 + Level 5.5 Armour
 + Level 6.8 Shields


You had 7 spell levels left.
You didn't know any spells.

Dungeon Overview and Level Annotations

Branches:
Dungeon (6/15)
 Temple: D:4-7

Altars:

Annotations:
D:3 HunterMK1337's ghost, amateur FoFi
D:4 Edmund


Innate Abilities, Weirdness & Mutations

You are under a permanent stasis effect.
You can dig through walls and to a lower floor.
Your four strong arms can wield two-handed weapons with a shield.
You have a pair of large antennae on your head (SInv).


Message History

You feel sick.
You hear a shout!
The orc wizard hits you but does no damage.
You are more poisoned.
The orc warrior hits you from afar with a halberd of chopping!
* * * LOW HITPOINT WARNING * * *
The orc wizard hits you with a dagger of venom.
* * * LOW HITPOINT WARNING * * *
Drink which item? (? for menu, Esc to quit)
It was a potion of curing.
You feel better.
The orc warrior hits you from afar with a halberd of chopping!
* * * LOW HITPOINT WARNING * * *
x2 You block the orc wizard's attack.
You closely miss the orc wizard.
The orc wizard is severely wounded.
The orc wizard casts a spell at you. The puff of frost hits you!
* * * LOW HITPOINT WARNING * * *
The orc warrior hits you from afar with a halberd of chopping!
You die...

#. #. #. #.. #. #.# #.
#.# #. .#.# #.####.#.#
# #.@oo..#.#
##.####.###.########
#.{...{............###
#..#######........[...
.... #.........###
.... #.........# ...
#.........# ..
#.........# .
###.........#


You could see an orc warrior and an orc wizard.

Vanquished Creatures
  Sigmund (D:2)
  2 sky beasts (D:5)
  A phantom (D:4)
  A centaur (D:5)
  A giant frog (D:5)
  A crimson imp (D:5)
  A giant frog zombie (D:5)
  An orc wizard (D:3)
  2 orc priests (D:3)
  A giant frog skeleton (D:4)
  An iguana (D:4)
  3 worker ants (D:4)
  Ijyb (D:3)
  A hound skeleton (D:4)
  A worker ant zombie (D:5)
  Robin (D:2)
  4 gnolls (D:5)
  5 adders
  A shadow imp (D:5)
  An ooze (D:1)
  4 worms
  6 giant geckos
  5 orcs
  6 giant cockroaches
  6 hobgoblins
  11 jackals
  3 quokkas
  5 ball pythons
  3 bats
  5 giant newts
  16 goblins
  6 kobolds
  6 rats
113 creatures vanquished.

Notes
Turn   | Place    | Note
--------------------------------------------------------------
     0 | D:1      | root the Formicid Fighter began the quest for the Orb.
     0 | D:1      | Reached XP level 1. HP: 18/18 MP: 1/1
   128 | D:1      | Reached XP level 2. HP: 13/24 MP: 2/2
   704 | D:1      | Reached XP level 3. HP: 27/29 MP: 3/3
   732 | D:1      | Reached skill level 4 in Shields
  1397 | D:2      | Noticed Robin
  1403 | D:2      | Killed Robin
  1403 | D:2      | Reached XP level 4. HP: 28/37 MP: 4/4
  2143 | D:2      | Noticed Sigmund
  2166 | D:2      | Killed Sigmund
  2166 | D:2      | Reached skill level 5 in Shields
  2166 | D:2      | Reached XP level 5. HP: 10/42 MP: 5/5
  2166 | D:2      | Reached XP level 6. HP: 11/48 MP: 6/6
  2964 | D:3      | Reached skill level 1 in Throwing
  3077 | D:3      | Reached XP level 7. HP: 54/54 MP: 7/7
  3238 | D:3      | Noticed Ijyb
  3250 | D:3      | Killed Ijyb
  3318 | D:3      | Noticed HunterMK1337's ghost (amateur FoFi)
  3786 | D:4      | Reached skill level 5 in Long Blades
  3786 | D:4      | Reached skill level 5 in Armour
  4260 | D:4      | Noticed Edmund
  4325 | D:5      | Entered Level 5 of the Dungeon
  4558 | D:5      | Reached skill level 6 in Shields
  4558 | D:5      | Reached XP level 8. HP: 61/61 MP: 8/8
  5447 | D:6      | Slain by an orc warrior

Vault maps used:
D:1:      sevenhm_arrival_forest_fort_small_5, kennysheep_nondescript,
          minivault_23, minmay_misc_feat_cross, minmay_ruptured
D:2:      first_bread, grunt_ministairs_8, uniq_sigmund, uniq_robin
D:3:      fountainhead, uniq_iyjb
D:4:      uniq_edmund
D:5:      kennysheep_generic_room_2
D:6:      minmay_temple_entry_statues_pillars, serial_shops, shop

Action                   |  1- 3 |  4- 6 |  7- 9 || total
-------------------------+-------+-------+-------++-------
Melee: Long sword        |   107 |   166 |   256 ||   529
Throw: Tomahawk          |       |     5 |     1 ||     6
       Javelin           |       |     1 |       ||     1
 Abil: Dig               |       |     1 |     3 ||     4
  Use: Potion            |       |       |     2 ||     2
  Eat: Chunk             |     2 |     5 |     9 ||    16
